[Event "34th GER-ch Seniors-65 2022"]
[Site "Magdeburg"]
[Date "2022.08.20"]
[Round "9.11"]
[White "Braun, Gottfried"]
[Black "Zuehlke, Burkhard"]
[Result "1/2-1/2"]
[ECO "B08"]
[WhiteElo "2143"]
[BlackElo "1987"]
[Annotator "TA"]
[PlyCount "127"]
[EventDate "2022.08.12"]
[EventType "swiss"]
[EventCountry "GER"]
[SourceTitle "playchess.com"]
[Source "ChessBase"]
[SourceQuality "1"]
[TimeControl "40/5400+30:1800+30"]

1. e4 d6 2. d4 Nf6 3. Nc3 g6 4. Nf3 Bg7 5. Be2 O-O 6. O-O Bg4 7. Be3 Nc6 8. Qd2 e5 9. dxe5 dxe5 10. Rad1 Qc8 11. Qc1 Rd8 12. Rxd8+ Nxd8 {[%emt 0:01:20] B08: Pirc Defence: Classical System.} 13. Rd1 Ne6 14. h3 Bxf3 15. Bxf3 c6 16. Nb1 Qc7 17. c3 Bf8 18. Nd2 {[%emt 0:04:19] [#]} Rd8 $146 ({Predecessor:} 18... Bc5 19. Bxc5 Nxc5 20. Nc4 Ne6 21. a4 {½-½ (21) Unzicker,W (2480)-Hauchard,A (2425) Bad Wildbad 1990}) 19. Nb3 ({But not} 19. Bxa7 $2 b6 20. Bxb6 Qxb6 $19) 19... b6 20. Rd2 Rxd2 21. Qxd2 Qd6 22. Qxd6 Bxd6 23. a4 h5 24. a5 Nd7 25. Nd2 Bc5 26. Bxc5 Nexc5 27. axb6 axb6 $11 {[%emt 0:00:10][%mdl 4096] Endgame KBN-KNN} 28. Bd1 {[%emt 0:01:40] Against Na4} Kf8 29. Kf1 Ke7 30. Ke2 Ne6 31. h4 b5 32. Ke3 Nc7 33. b4 Ne6 34. g3 Nb6 35. Bb3 Nd7 36. Nf3 Kf6 37. c4 bxc4 38. Bxc4 Ke7 39. Kd3 f6 40. Kc3 Nb6 41. Bb3 Nc8 42. Ba4 Kd6 43. Nd2 Nd4 44. Nc4+ Kd7 45. Kd3 Na7 46. Bd1 Ke6 47. f4 {[%emt 0:01:57] [#] Black must now prevent g4.} Nab5 48. fxe5 fxe5 49. g4 hxg4 50. Bxg4+ Kf6 51. h5 gxh5 {[%emt 0:01:53] The position is equal.} (51... c5 {is more complex.} 52. h6 cxb4 53. Nxe5 b3) 52. Bxh5 Ne6 {[%emt 0:01:34] [#] aiming for ...Nf4+.} 53. Be8 Nbd4 54. Na5 Nd8 55. Kc4 Ke7 56. Bh5 Kd6 57. Bd1 N4e6 58. Bc2 Nd4 59. Ba4 N4e6 60. Kd3 Nd4 61. Ke3 Ke6 62. Bd1 Kf6 63. Nc4 N8e6 64. Ba4 {[%emt 0:00:00] An uneventful encounter.  Weighted Error Value: White=0.03 (flawless) /Black=0.02 (flawless)} 1/2-1/2